Map: Traitor's Exile

Players

OpuS

  • Race: Protoss Protoss
  • League: Platinum
  • Spawn Location: 9:00

Sketchaphone

  • Race: Zerg Zerg
  • League: Platinum
  • Spawn Location: 12:00

GhostRider

  • Race: Terran Terran
  • League: Gold
  • Spawn Location: 6:00

Thinking

  • Race: Zerg Zerg
  • League: Platinum
  • Spawn Location: 5:00

VOD

Have the link to the VOD?

Description

Time

  • Played on: Feb. 26, 2019, 8:57 p.m.
  • Length: 9:02
Show
View Real Time Build Order
Export as new Build Order

OpuS Protoss 

Build Orders:  

Get SALT Encoding   

  12  0:01  Probe  
  13  0:13  Probe  
  14  0:21  Pylon  
  14  0:25  Probe  
  15  0:40  Gateway  
  15  0:45  Probe  
  15  0:48  Assimilator  
  16  0:52  Assimilator  
  16  1:05  Gateway  
  16  1:10  Probe  
  16  1:11  Pylon  
  17  1:27  Zealot  
  19  1:37  Cybernetics Core  
  19  1:43  Probe  
  20  1:51  Zealot  
  20  1:52  Zealot  
  24  2:04  Probe  
  24  2:13  Warp Gate  
  24  2:16  Probe  
  25  2:28  Probe  
  26  2:37  Stalker  
  28  2:48  Probe  
  27  2:59  Adept  
  27  3:13  Gateway  
  27  3:14  Probe, Gateway  
  27  3:16  Robotics Facility  
  28  3:21  Sentry  
  28  3:22  Probe  
  31  3:30  Pylon  
  27  4:08  Twilight Council  
  27  4:12  Adept x4  
  29  4:32  Adept x2  
  29  4:33  Adept  
  35  5:01  Adept x2  
  39  5:11  Pylon  
  39  5:12  Pylon  
  39  5:25  Immortal  
  39  5:31  Sentry x2  
  39  5:35  Sentry  
  49  5:40  Probe  
  50  5:52  Pylon  
  50  5:59  Sentry  
  50  6:01  Adept  
  40  6:33  Stalker x4  
  40  6:37  Shield Battery  
Show
View Real Time Build Order
Export as new Build Order

Sketchaphone Zerg 

Build Orders: Hatch First 

Get SALT Encoding   

  12  0:01  Drone  
  13  0:14  Overlord  
  13  0:18  Drone  
  14  0:29  Extractor  
  14  0:30  Drone  
  15  0:42  Drone x2  
  17  0:58  Hatchery  
  17  1:00  Drone  
  17  1:03  Drone  
  18  1:07  Extractor  
  17  1:22  Spawning Pool  
  17  1:23  Drone  
  17  1:30  Drone  
  18  1:42  Drone  
  18  1:43  Overlord  
  19  1:52  Drone  
  20  2:02  Overlord  
  20  2:10  Queen  
  20  2:14  Zergling x2  
  23  2:17  Metabolic Boost  
  23  2:24  Zergling x6  
  26  2:36  Queen  
  28  2:38  Drone  
  28  2:39  Drone  
  29  2:58  Spine Crawler  
  29  3:00  Zergling x4  
  30  3:06  Baneling Nest  
  30  3:07  Zergling x2, Drone  
  31  3:17  Zergling x2  
  31  3:18  Drone  
  33  3:30  Spine Crawler  
  27  3:42  Zergling x8  
  27  3:48  Zergling x2  
  29  3:50  Zergling x2  
  29  3:52  Zergling x2  
  29  3:54  Zergling x2  
  32  3:59  Overlord  
  32  4:00  Spine Crawler  
  31  4:03  Baneling  
  31  4:04  Baneling x2  
  31  4:23  Baneling x4  
  30  4:33  Zergling x4  
  27  4:41  Zergling x6  
  29  4:49  Zergling x8  
  29  4:50  Zergling x4  
  34  4:56  Zergling x2  
  35  5:00  Drone  
  35  5:02  Baneling x5  
  35  5:16  Drone x4  
  39  5:23  Evolution Chamber  
  39  5:24  Drone  
  39  5:28  Drone  
  40  5:39  Overlord  
  40  5:42  Drone  
  41  5:43  Drone  
  42  5:54  Drone x3  
  42  5:56  Spine Crawler  
  44  6:04  Baneling x4  
  44  6:06  Lair  
  33  6:26  Zergling x12  
  33  6:28  Drone x4  
  43  6:33  Zerg Melee Weapons Level 1  
  43  6:34  Drone  
  43  6:39  Spore Crawler  
  43  6:44  Spore Crawler  
  42  6:48  Baneling x2  
  42  6:49  Baneling  
  42  6:51  Zergling x6  
  45  6:54  Extractor  
  45  6:55  Drone  
  45  6:58  Zergling x4  
  47  7:05  Zergling x2  
  47  7:06  Zergling x4  
  50  7:15  Zergling x6  
  53  7:21  Zergling x2  
  50  7:36  Zergling x14  
  51  7:45  Zergling x2  
  51  7:49  Evolution Chamber, Zergling x2  
  51  7:51  Hatchery  
  47  7:55  Zergling x2  
  48  7:59  Hatchery  
  48  8:03  Drone  
  48  8:04  Zergling x2  
  48  8:09  Zergling x6  
  42  8:14  Baneling x2  
  42  8:15  Zergling x8  
  42  8:19  Zergling x2  
  46  8:24  Spore Crawler  
  46  8:25  Drone  
  46  8:31  Baneling  
  46  8:32  Baneling x3  
  42  8:48  Baneling x2  
Show
View Real Time Build Order
Export as new Build Order

GhostRider Terran 

Build Orders:  

Get SALT Encoding   

  12  0:01  SCV  
  13  0:13  SCV  
  14  0:20  Supply Depot  
  14  0:25  SCV  
  15  0:41  SCV  
  16  0:53  SCV  
  17  0:58  Barracks  
  17  1:05  SCV  
  18  1:12  Barracks  
  18  1:18  SCV  
  19  1:26  Barracks  
  19  1:30  SCV  
  20  1:42  Barracks, SCV  
  20  1:43  Supply Depot  
  20  1:46  Marine  
  23  1:54  SCV  
  23  2:15  Barracks  
  23  2:17  Barracks  
  23  2:21  Marine x2  
  23  2:22  Marine  
  26  2:30  Marine  
  27  2:39  Marine x2  
  27  2:40  Marine  
  27  2:42  Supply Depot  
  30  2:48  Marine  
  31  3:03  Marine x2, Orbital Command  
  33  3:06  Supply Depot  
  33  3:07  Marine x2  
  33  3:10  Marine x2  
  37  3:21  Marine x2  
  39  3:28  Marine x2  
  41  3:47  Marine  
  41  3:48  Marine x5  
  40  4:05  Marine x6  
  46  4:21  Bunker  
  46  4:23  Marine x2  
  47  4:33  Marine x2  
  40  4:41  Marine  
  40  4:42  Marine x3  
  44  4:51  Marine x2  
  45  4:59  Marine x2  
  45  5:00  Marine  
  45  5:02  Bunker  
  47  5:07  Supply Depot  
  47  5:08  Refinery  
  47  5:10  Refinery  
  47  5:11  Marine  
  46  5:47  Marine x3  
  49  5:57  Bunker  
  49  5:58  Command Center  
  49  6:00  Barracks Tech Lab  
  49  6:01  Barracks Tech Lab  
  49  6:06  Barracks Tech Lab  
  49  6:07  Barracks Tech Lab  
  49  6:08  Barracks Reactor  
  19  6:41  Marauder  
  19  6:42  Marauder x3  
  27  6:53  Stimpack  
  27  6:57  Marine  
  28  7:02  Marine  
  29  7:10  Concussive Shells  
  29  7:12  Combat Shield  
  29  7:14  Marine  
  25  7:32  Marine x6  
  26  7:43  Orbital Command  
  26  7:50  Marine x6  
  32  7:52  Barracks Reactor  
  32  8:07  Marine  
  32  8:08  Marine x5  
  32  8:09  Factory  
  37  8:25  Marine  
  37  8:26  Marauder x2, Marine  
Show
View Real Time Build Order
Export as new Build Order

Thinking Zerg 

Build Orders: Pool First 

Get SALT Encoding   

  12  0:01  Drone  
  13  0:12  Overlord  
  13  0:20  Drone  
  14  0:31  Drone  
  14  0:32  Drone  
  16  0:35  Drone  
  17  0:48  Spawning Pool  
  17  0:49  Extractor  
  15  0:53  Drone  
  16  1:16  Hatchery  
  15  1:19  Drone  
  15  1:22  Drone  
  17  1:29  Drone  
  17  1:31  Drone  
  19  1:41  Zergling x2  
  20  1:51  Queen  
  22  1:57  Overlord  
  22  2:01  Metabolic Boost  
  22  2:16  Zergling x4  
  24  2:24  Drone  
  25  2:30  Queen  
  25  2:32  Drone  
  28  2:37  Drone  
  28  3:05  Lair  
  28  3:10  Overlord, Hatchery  
  27  3:13  Drone x2  
  27  3:14  Drone  
  27  3:15  Drone  
  27  3:19  Drone  
  32  3:21  Drone  
  33  3:31  Zergling x6  
  34  3:43  Zergling x6  
  34  3:44  Zergling x4  
  39  3:51  Overlord  
  39  3:52  Overlord  
  33  4:35  Queen  
  33  4:39  Spire, Drone x14  
  33  4:42  Extractor  
  33  4:44  Extractor  
  44  4:46  Zergling x2  
  44  4:51  Zergling x4  
  47  4:55  Zergling x2  
  47  4:56  Extractor  
  47  5:04  Zergling x4  
  49  5:08  Drone x3  
  49  5:09  Drone  
  49  5:12  Drone x3  
  56  5:15  Overlord  
  56  5:22  Zergling x4  
  57  5:29  Overlord  
  57  5:30  Overlord x2  
  58  5:42  Drone  
  58  5:43  Drone  
  58  5:47  Drone  
  60  5:50  Mutalisk  
  60  5:51  Mutalisk x4  
  60  5:56  Mutalisk  
  70  6:00  Mutalisk  
  74  6:08  Mutalisk  
  76  6:11  Zergling x2  
  76  6:12  Zergling x10  
  79  6:21  Mutalisk  
  77  6:28  Mutalisk  
  77  6:52  Mutalisk  
  77  6:53  Mutalisk  
  81  6:58  Mutalisk  
  82  7:03  Overlord x3  
  82  7:05  Drone x4  
  82  7:06  Drone x10  
  82  7:50  Zergling x28  
  82  7:51  Zergling x6  
  97  7:55  Spine Crawler  
  97  7:56  Drone  
  97  7:57  Queen  
  99  8:00  Drone  
  97  8:24  Hatchery  
  96  8:29  Mutalisk x4  
  96  8:30  Mutalisk x4  
  112  8:34  Mutalisk x2  
Tags
 
Add a new tag
Caveats
  • Supply blocks, unpowered buildings, or Contaminate may cause inaccurate times.
  • Supply counts are checked every 10 seconds.